 Dungeon Crawl Stone Soup version 0.25-a0-571-gb5e01bddfa (webtiles) character file.

Game seed: 226703079820612533, levelgen mode: deterministic

35 Flugslaktarn the Covered (level 3, -4/33 HPs)
             Began as a Deep Dwarf Fighter on Feb 29, 2020.
             Slain by a troll (7 damage)
             ... on level 4 of the Dungeon.
             The game lasted 00:00:28 (247 turns).

Flugslaktarn the Covered (Deep Dwarf Fighter)        Turns: 247, Time: 00:00:29

Health: -4/33      AC:  6    Str: 20    XL:     3   Next: 16%
Magic:  3/3        EV:  7    Int:  8    God:
Gold:   44         SH:  9    Dex: 12    Spells: 2/2 levels left

rFire    . . .     SeeInvis .   a - +0 war axe
rCold    . . .     Gourm    .   c - +0 kite shield
rNeg     . . .     Faith    .   b - +0 scale mail
rPois    .         Spirit   .   (no helmet)
rElec    .         Reflect  .   (no cloak)
rCorr    .         Harm     .   (no gloves)
MR       .....                  (no boots)
Stlth    ..........             (no amulet)
HPRegen  0.00/turn              (no ring)
MPRegen  0.08/turn              (no ring)

@: non-regenerating
A: damage resistance, heal wounds, sense surroundings 1, no regeneration
a: Heal Wounds


You were on level 4 of the Dungeon.
You were not hungry.

You visited 1 branch of the dungeon, and saw 4 of its levels.

You collected 44 gold pieces.

Inventory:

Hand Weapons
 a - a +0 war axe (weapon)
 l - a cursed +0 war axe
   (You took it off a hobgoblin on level 3 of the Dungeon)
Armour
 b - a +0 scale mail (worn)
 c - a +0 kite shield (worn)
Jewellery
 i - a +4 ring of dexterity {unknown}
   (You found it on level 2 of the Dungeon)
Scrolls
 f - a scroll of magic mapping {unknown}
 g - a scroll of teleportation {unknown}
 h - a scroll of enchant armour {unknown}
 k - a scroll of identify {unknown}
Potions
 d - a potion of might
Comestibles
 e - 2 rations
 j - 3 chunks of flesh


   Skills:
 + Level 2.9 Fighting
 * Level 3.0 Axes
 + Level 3.6 Armour
 + Level 3.6 Shields


You had 2 spell levels left.
You didn't know any spells.
Your spell library was empty.

Dungeon Overview and Level Annotations

Branches:
Dungeon (4/15)
 Temple: D:4-7

Altars:


Innate Abilities, Weirdness & Mutations

You are resistant to damage.
You can heal yourself by infusing magical energy.
You passively map a small area around you.
You do not regenerate.


Message History

You slash the ball python!
You kill the ball python!
The troll bites you. The troll claws you! x2
* * * LOW HITPOINT WARNING * * *
The troll bites you.
* * * LOW HITPOINT WARNING * * *
You block the troll's attack. x2
You are too injured to fight recklessly!
You are too injured to fight recklessly!
You are too injured to fight recklessly!
You are too injured to fight recklessly!
You feel much better. You block the troll's attack. The troll claws you. x2
You see here a ball python corpse.
You feel much better. The troll bites you! The troll claws you!
You block the troll's attack.
You are too injured to fight recklessly!
You fail to use your ability.
The troll bites you!
* * * LOW HITPOINT WARNING * * *
You block the troll's attack. The troll claws you!
You die...

* #,##
*.#.# * *
#.. ... *
*#.# * #.#
#@# #T# *
##a##
#.†.#* ,
#.<.#
#......# *
###.......
*....### *
.#.## , ,


You could see a troll and a worker ant.

Vanquished Creatures
  2 adders
  2 ball pythons
  A giant cockroach (D:1)
  A goblin (D:2)
  3 hobgoblins
  A quokka (D:2)
  4 bats
  3 kobolds
17 creatures vanquished.

Notes
Turn   | Place    | Note
-------+----------+-------------------------------------------
     0 | D:1      | Flugslaktarn the Deep Dwarf Fighter began the quest for the
                  | Orb.
     0 | D:1      | Reached XP level 1. HP: 20/20 MP: 1/1
   123 | D:2      | Reached XP level 2. HP: 25/27 MP: 2/2
   201 | D:3      | Reached XP level 3. HP: 33/33 MP: 3/3
   224 | D:4      | Noticed a troll
   240 | D:4      | HP: 1/33 [troll (4)]
   247 | D:4      | Slain by a troll

Levels and vault maps discovered:
D:1:      lightli_arrival_isolated_outpost, layout_rooms
D:2:      layout_loops_ring, zin_treasury, first_ration, dk_vineyard_3
D:3:      layout_rooms, grunt_temple_overflow_lords_of_destruction,
          uniq_sigmund, uniq_crazy_yiuf_cottage, uniq_natasha
D:4:      gammafunk_cloud_chamber, layout_loops_corners,
          nicolae_ru_path_of_blood, minmay_manual_mandibuliform

Skill      XL: |  1  2 |
---------------+-------+-----
Axes           | 3 |  3.0
Fighting       | |  2.9
Armour         | |  3.6
Shields        | |  3.6

Action                   || total
-------------------------++-------
Melee: War axe           ||    75
 Abil: Heal Wounds       ||     3
Armor: Scale mail        ||    37
Dodge: Dodged            ||    31
Block: Kite shield       ||    50

Table legend:
 A = Non-vault XP
 B = Vault XP
 C = Vault XP percentage of total XP
 D = Non-vault monster count
 E = Vault monster count
 F = Vault count percentage of total count
                 A         B        C        D         E       F
            +---------+---------+-------+---------+---------+-------
      Total |      50 |       0 |   0.0 |      17 |       0 |   0.0
            +---------+---------+-------+---------+---------+-------
        D:1 |       5 |       0 |   0.0 |       3 |       0 |   0.0
        D:2 |      25 |       0 |   0.0 |       8 |       0 |   0.0
        D:3 |      18 |       0 |   0.0 |       5 |       0 |   0.0
        D:4 |       2 |       0 |   0.0 |       1 |       0 |   0.0
            +---------+---------+-------+---------+---------+-------
